 Dungeon Crawl Stone Soup version 0.31.0-9-g3a7656b989 (webtiles) character file.

Game seed: 1513608868795812818

86 qw the Shooter (level 4, -2/25 HPs)
             Began as a Deep Elf Hunter on Feb 2, 2024.
             Slain by an orc
             ... wielding a +0 club
              (3 damage)
             ... on level 4 of the Dungeon.
             The game lasted 00:00:04 (1453 turns).

qw the Shooter (Deep Elf Hunter)                    Turns: 1453, Time: 00:00:05

Health: -2/25      AC:  3    Str: 10    XL:     4   Next: 26%
Magic:  6/6        EV: 12    Int: 14    God:
Gold:   87         SH:  0    Dex: 18    Spells: 3/3 levels left

rFire   . . .        a - +1 shortbow
rCold   . . .        (shield currently unavailable)
rNeg    . . .        c - +0 leather armour
rPois   .            (no helmet)
rElec   .            (no cloak)
rCorr   .            (no gloves)
SInv    .            (no boots)
Will    .....        (no amulet)
Stlth   +            (no ring)
HPRegen 0.24/turn    (no ring)
MPRegen 0.10/turn

%: no passive effects
@: confused
A: no striking features
a: no special abilities


You were on level 4 of the Dungeon.
You visited 1 branch of the dungeon, and saw 3 of its levels.

You collected 87 gold pieces.


   Skills:
 - Level 1.5 Fighting
 + Level 7.7 Ranged Weapons
 - Level 2.4 Dodging
 - Level 1.2 Stealth


You had 3 spell levels left.
You didn't know any spells.
Your spell library was empty.

Inventory:

Hand Weapons
 a - a +1 shortbow (weapon)
Armour
 c - a +0 leather armour (worn)
Scrolls
 b - a scroll of noise {unknown}

Dungeon Overview and Level Annotations

Branches:
Dungeon (2/15)

Altars:

Shops:
D:1 ![(=


Message History

Your roots penetrate the ground.
The adder bites you but does no damage. The orc hits you with a +0 club.
Something hits you but does no damage.
1446 ||| DRINKING murky puce potion.
It was a potion of brilliance.
You feel clever all of a sudden. The adder bites you but does no damage.
The orc hits you but does no damage.
You hear some strange, mumbled words.
A puff of flame appears from out of thin air!
The puff of flame hits you!
1447 ||| DRINKING murky emerald potion.
It was a potion of cancellation.
Your magical effects are unravelling.
You feel magically purged.
You feel less wooden.
Your +0 leather armour unmelds from your body.
You feel less confused.
You feel a little less clever now. The adder bites you but does no damage.
Something hits you but does no damage. The orc hits you but does no damage.
The adder misses you.
You shoot an arrow. The arrow misses the adder.
You hear an angry hiss.
The adder bites you.
You are poisoned.
The adder poisons you! Something hits you. The orc hits you but does no damage.
1449 ||| DRINKING potion of heal wounds.
You feel much better.
You feel sick. The adder misses you. The orc hits you with a +0 club.
Something hits you but does no damage.
You shoot an arrow. The arrow closely misses the adder.
You feel sick. The adder bites you but does no damage.
The orc barely misses you.
You hear some strange, mumbled words.
You are confused.
The adder bites you but does no damage.
You feel sick. The adder bites you. The orc completely misses you.
Something hits you.
You feel sick. The adder bites you but does no damage.
The orc hits you with a +0 club. Something hits you.
You feel sick.
You are no longer poisoned.
The adder bites you. The orc hits you with a +0 club.
You die...

#....%.#
..#
#.....##
.#
##...####
. ##..# :#
.. #...#
.#
##..##.#
#....#.#
#....#.#
#..#..#@.#
#...##{oS#
#... #...#
#..# .#..#
#.# ...#.#
## .).. ##
... .
#.....


You could see an adder and an orc.

Vanquished Creatures
  An orc wizard (D:4)
  2 adders (D:4)
  A dart slug (D:2)
  3 orcs (D:4)
  An endoplasm (D:1)
  5 giant cockroaches
  2 hobgoblins (D:1)
  A quokka (D:1)
  4 ball pythons
  3 bats (D:1)
  2 frilled lizards
  5 goblins
  4 kobolds
  4 rats (D:1)
38 creatures vanquished.

Notes
Turn   | Place    | Note
-------+----------+-------------------------------------------
     0 | D:1      | qw the Deep Elf Hunter began the quest for the Orb.
     0 | D:1      | Reached XP level 1. HP: 12/12 MP: 3/3
     0 | D:1      | 0 ||| qw: Version: 0.3-a-155-g5e7d8dd
     0 | D:1      | 0 ||| qw: Game counter: 2067
     0 | D:1      | 0 ||| qw: Melee chars always use a shield: true
     0 | D:1      | 0 ||| qw: God list: Okawaru
     0 | D:1      | 0 ||| qw: Allow faded altars: false
     0 | D:1      | 0 ||| qw: Do Orc after clearing Dungeon:15 true
     0 | D:1      | 0 ||| qw: Do second Lair branch before Depths: true
     0 | D:1      | 0 ||| qw: Lair rune preference: random
     0 | D:1      | 0 ||| qw: Goals: Normal
     0 | D:1      | 0 ||| PLANNING D:1-11
    60 | D:1      | Found Jaus's Weapon Shoppe.
    66 | D:1      | Found Hieginem's Antique Armour Shop.
    73 | D:1      | Found Fexuimaz's Distillery.
    78 | D:1      | 78 ||| SHOPLISTING dyed leather armour (95 gold, have 20).
    78 | D:1      | 78 ||| SHOPLISTING helmet (85 gold, have 20).
    78 | D:1      | 78 ||| SHOPLISTING pair of runed boots (142 gold, have 20).
    78 | D:1      | 78 ||| SHOPLISTING ring mail (76 gold, have 20).
    78 | D:1      | 78 ||| SHOPLISTING runed ring mail (133 gold, have 20).
    78 | D:1      | 78 ||| SHOPLISTING shiny ice dragon scales (1197 gold, have
                  | 20).
    86 | D:1      | 86 ||| SHOPLISTING potion of curing (39 gold, have 20).
    86 | D:1      | 86 ||| SHOPLISTING potion of might (52 gold, have 20).
    86 | D:1      | 86 ||| SHOPLISTING potion of mutation (104 gold, have 20).
   126 | D:1      | Reached XP level 2. HP: 16/16 MP: 4/4
   134 | D:1      | Reached skill level 6 in Ranged Weapons
   595 | D:1      | Found Demiophe's Jewellery Boutique.
   612 | D:1      | 612 ||| SHOPLISTING +6 ring of strength (360 gold, have
                  | 58).
   612 | D:1      | 612 ||| SHOPLISTING amulet of faith (400 gold, have 58).
   612 | D:1      | 612 ||| SHOPLISTING amulet of guardian spirit (300 gold,
                  | have 58).
   612 | D:1      | 612 ||| SHOPLISTING amulet of the acrobat (300 gold, have
                  | 58).
   612 | D:1      | 612 ||| SHOPLISTING ring of ice (250 gold, have 58).
   612 | D:1      | 612 ||| SHOPLISTING ring of willpower (250 gold, have 58).
  1173 | D:1      | 1173 ||| READING scroll labelled YXKAOZ QIMNU.
  1173 | D:1      | 1173 ||| ENCHANTING +0 shortbow.
  1174 | D:1      | 1174 ||| READING scroll labelled SUFORU XOOME.
  1177 | D:1      | 1177 ||| READING scroll labelled HUBUYZEABB.
  1177 | D:1      | 1177 ||| IDENTIFYING grey potion
  1178 | D:1      | 1178 ||| READING scroll labelled UBAYMM JONTIEXT.
  1279 | D:1      | 1279 ||| DROPPING scroll of butterflies.
  1297 | D:2      | Reached XP level 3. HP: 20/20 MP: 5/5
  1390 | D:2      | You fall into a shaft and drop 2 floors!
  1415 | D:4      | Reached skill level 7 in Ranged Weapons
  1442 | D:4      | Reached XP level 4. HP: 20/25 MP: 6/6
  1444 | D:4      | 1444 ||| DRINKING glowing amethyst potion.
  1445 | D:4      | 1445 ||| DRINKING inky potion.
  1446 | D:4      | 1446 ||| DRINKING murky puce potion.
  1447 | D:4      | 1447 ||| DRINKING murky emerald potion.
  1448 | D:4      | HP: 6/25 [adder (2)]
  1449 | D:4      | 1449 ||| DRINKING potion of heal wounds.
  1453 | D:4      | HP: 2/25 [poisoned by an adder]
  1453 | D:4      | Slain by an orc

Levels and vault maps discovered:
D:1:      roderic_octagonal_star, layout_basic, serial_shops, shop,
          nicolae_shop_tiny_waterfront, nicolae_shop_getting_attention, shop,
          serial_rivers, chequers_serial_rivers_small_3,
          chequers_serial_rivers_micro_b, chequers_serial_rivers_large_a,
          chequers_serial_rivers_room_b, minmay_gold_behind_fungi
D:2:      layout_basic, serial_rivers, chequers_serial_rivers_room_a,
          chequers_serial_rivers_room_b, chequers_serial_rivers_small_3,
          chequers_serial_rivers_micro_b, chequers_serial_rivers_small_b,
          chequers_serial_rivers_small_a, basic_ecumenical_altar, uniq_terence
D:4:      layout_gridville, mainiacjoe_overflow_small_starburst, serial_rivers,
          chequers_serial_rivers_small_3, chequers_serial_rivers_micro_c,
          chequers_serial_rivers_room_a, chequers_serial_rivers_small_3,
          chequers_serial_rivers_micro_d, chequers_serial_rivers_micro_d,
          columned_hall_lemuel, nicolae_half_adder

Skill      XL: |  1  2  3 |
---------------+----------+-----
Ranged Weapons | 6 7 |  7.7
Fighting       | |  1.5
Dodging        | |  2.4
Stealth        | |  1.2

Action                     |  1- 3 |  4- 6 || total
---------------------------+-------+-------++-------
   Fire: Shortbow          |   121 |     4 ||   125
    Use: Scroll            |     4 |       ||     4
         Potion            |       |     5 ||     5
 Armour: Leather armour    |    29 |    22 ||    51
         Skin              |       |     6 ||     6
  Dodge: Dodged            |    21 |     4 ||    25

Table legend:
 A = Non-vault XP
 B = Vault XP
 C = Vault XP percentage of total XP
 D = Non-vault monster count
 E = Vault monster count
 F = Vault count percentage of total count
                 A         B        C        D         E       F
            +---------+---------+-------+---------+---------+-------
      Total |      97 |      26 |  21.1 |      36 |       2 |   5.3
            +---------+---------+-------+---------+---------+-------
        D:1 |      40 |       0 |   0.0 |      26 |       0 |   0.0
        D:2 |       9 |       0 |   0.0 |       4 |       0 |   0.0
        D:4 |      48 |      26 |  35.1 |       6 |       2 |  25.0
            +---------+---------+-------+---------+---------+-------
